 Dungeon Crawl Stone Soup version 0.25-a0-294-gea9b1ad378 (webtiles) character file.

Game seed: 7937401705866450181, levelgen mode: classic

153 Borgoz the Slasher (level 5, 0/46 HPs)
             Began as a Minotaur Gladiator on Dec 18, 2019.
             Succumbed to an adder's poison
             ... on level 3 of the Dungeon.
             The game lasted 00:03:03 (1823 turns).

Borgoz the Slasher (Minotaur Gladiator)             Turns: 1823, Time: 00:03:03

Health: 0/46       AC:  5    Str: 21 (23) XL:     5   Next: 12%
Magic:  4/4        EV: 12    Int:  4 (6)  God:
Gold:   68         SH:  0    Dex: 11 (12) Spells: 4/4 levels left

rFire    . . .     SeeInvis .   a - +0 long sword
rCold    . . .     Gourm    .   (no shield)
rNeg     . . .     Faith    .   g - +0 ring mail
rPois    .         Spirit   .   c - +0 hat
rElec    .         Reflect  .   (no cloak)
rCorr    .         Harm     .   (no gloves)
MR       .....                  (no boots)
Stlth    +.........             (no amulet)
HPRegen  0.15/turn              (no ring)
MPRegen  0.09/turn              (no ring)

@: mighty, lethally poisoned (0 -> -12)
A: retaliatory headbutt, horns 2
a: no special abilities


You were on level 3 of the Dungeon.
You were not hungry.

You visited 1 branch of the dungeon, and saw 3 of its levels.

You collected 68 gold pieces.

Inventory:

Hand Weapons
 a - a +0 long sword (weapon)
Missiles
 d - 3 throwing nets (quivered)
Armour
 c - a +0 hat (worn)
 g - a +0 ring mail (worn)
Wands
 r - a wand of flame (21)
Scrolls
 b - a scroll of noise {unknown}
 e - a scroll of remove curse {unknown}
 i - 2 scrolls of magic mapping {unknown}
 k - 3 scrolls of teleportation {unknown}
 l - a scroll of fog {unknown}
 n - a scroll of enchant weapon {unknown}
 s - a scroll of identify {unknown}
Potions
 h - a potion of cancellation {unknown}
 j - a potion of ambrosia {unknown}
 m - a potion of heal wounds {unknown}
 o - a potion of curing {unknown}
 p - a potion of might
 t - a potion of berserk rage {unknown}
Comestibles
 f - 6 rations
 u - 14 chunks of flesh


   Skills:
 + Level 3.9 Fighting
 + Level 4.7 Long Blades
 + Level 3.1 Throwing
 + Level 4.2 Dodging


You had 4 spell levels left.
You didn't know any spells.
Your spell library was empty.

Dungeon Overview and Level Annotations

Branches:
Dungeon (3/15)

Altars:
Qazlal
Uskayaw


Innate Abilities, Weirdness & Mutations

You reflexively headbutt those who attack you in melee.
You have a pair of horns on your head.


Message History

The adder bites you.
* * * LOW HITPOINT WARNING * * *
You are lethally poisoned!
The adder poisons you! The centaur misses you. The adder bites you.
* * * LOW HITPOINT WARNING * * *
It was a potion of might.
You feel very mighty all of a sudden.
* * * LOW HITPOINT WARNING * * *
You feel sick.
The centaur hits you but does no damage.
The adder bites you.
* * * LOW HITPOINT WARNING * * *
You are more poisoned.
The adder poisons you! The centaur closely misses you.
You riposte.
You barely miss the centaur.
The centaur is severely wounded.
It was a potion of degeneration.
There was something very wrong with that liquid.
You feel weakened.
You feel dopey.
You feel clumsy.
You die...

#....## .....#..
#.#...# #.##.#.# ..#
#.#...###.##.#.# ..#
#÷##...##)##.#.##..#
#.##.#.##.##.((.#..#
#.##.#.##.#...(.#..#
..........#.###(#..#
##.##.#.........S..#
.##..†.##.##.#@###
#.###.#.#.....#c# .#
#...####..#.# .#
##... #..#.# .#
#.... ...#.#
#..##.#.##.# ##..
... ..# #.. ###


You could see a centaur and an adder.

Vanquished Creatures
  A howler monkey (D:2)
  An adder (D:2)
  2 worms (D:2)
  2 dart slugs
  2 leopard geckos (D:2)
  5 orcs (D:3)
  A ball python (D:2)
  9 bats
  5 giant cockroaches
  9 goblins
  9 hobgoblins
  8 jackals
  9 kobolds
  4 quokkas
  3 frilled lizards (D:2)
  13 rats
83 creatures vanquished.

Notes
Turn   | Place    | Note
-------+----------+-------------------------------------------
     0 | D:1      | Borgoz the Minotaur Gladiator began the quest for the Orb.
     0 | D:1      | Reached XP level 1. HP: 18/18 MP: 0/0
    91 | D:1      | Reached XP level 2. HP: 24/25 MP: 1/1
   329 | D:1      | Reached XP level 3. HP: 30/30 MP: 2/2
   844 | D:2      | Found a hide-covered altar of Uskayaw.
   886 | D:2      | Reached XP level 4. HP: 25/38 MP: 3/3
  1117 | D:2      | Found a stormy altar of Qazlal.
  1730 | D:3      | Reached XP level 5. HP: 46/46 MP: 4/4
  1815 | D:3      | Noticed a centaur
  1822 | D:3      | HP: 2/46 [poisoned by an adder]
  1823 | D:3      | Succumbed to an adder's poison

Levels and vault maps discovered:
D:1:      onia_arrival_larder, layout_loops_cross, minmay_misc_feat_x
D:2:      layout_basic, lemuel_round_altar, grunt_qazlal_sundering
D:3:      layout_basic

Skill      XL: |  1  2  3  4 |
---------------+-------------+-----
Long Blades    | 4 |  4.7
Fighting       | 3 |  3.9
Dodging        | 4 |  4.2
Throwing       | 3 |  3.1

Action                   |  1- 3 |  4- 6 || total
-------------------------+-------+-------++-------
Melee: Long sword        |    86 |    59 ||   145
       Headbutt          |    16 |    17 ||    33
  Use: Potion            |       |     2 ||     2
  Eat: Chunk             |       |     3 ||     3
Armor: Leather armour    |     7 |       ||     7
       Ring mail         |    31 |    23 ||    54
Dodge: Dodged            |    52 |    42 ||    94
       Rpst.: Long sword |    15 |    12 ||    27

Table legend:
 A = Non-vault XP
 B = Vault XP
 C = Vault XP percentage of total XP
 D = Non-vault monster count
 E = Vault monster count
 F = Vault count percentage of total count
                 A         B        C        D         E       F
            +---------+---------+-------+---------+---------+-------
      Total |     210 |       9 |   4.1 |      76 |       7 |   8.4
            +---------+---------+-------+---------+---------+-------
        D:1 |      50 |       9 |  15.3 |      28 |       7 |  20.0
        D:2 |     126 |       0 |   0.0 |      32 |       0 |   0.0
        D:3 |      34 |       0 |   0.0 |      16 |       0 |   0.0
            +---------+---------+-------+---------+---------+-------
